[Event "Titled Tuesday Blitz February 14 Early 2023"]
[White "Tiarks, Jann-Christian"]
[Black "Nugumanov, Bakhtiyar"]
[WhiteFideId "12951595"]
[BlackFideId "13701797"]
[WhiteElo "2222"]
[BlackElo "2316"]
[Result "1-0"]
[Round "03"]
[TimeControl "180+2"]
[Date "2023.02.15"]
[WhiteClock "0:01:23"]
[BlackClock "0:00:19"]

1. e4 d6 2. g3 e5 3. Bg2 Nf6 4. c3 Be7 5. d4 O-O 6. Ne2 c6 7. O-O d5 8. dxe5 Nxe4 9. Be3 Nd7 10. f3 Nec5 11. f4 Ne4 12. Nd2 Ndc5 13. Nxe4 Nxe4 14. Qc2 Bf5 15. Nd4 Qd7 16. Rad1 Bh3 17. e6 Bxe6 18. f5 Kh8 19. Nxe6 fxe6 20. Bxe4 1-0


[Site "https://www.chess.com"]

[Event "Titled Tuesday Blitz February 14 Early 2023"]
[White "Wu, Sibo"]
[Black "Dzhaparov, Medet"]
[WhiteFideId "8606048"]
[BlackFideId "13803689"]
[WhiteElo "2082"]
[BlackElo "1578"]
[Result "1-0"]
[Round "03"]
[TimeControl "180+2"]
[Date "2023.02.15"]
[WhiteClock "0:01:19"]
[BlackClock "0:01:20"]

1. d4 Nf6 2. Bf4 g6 3. Nc3 d5 4. e3 Bg7 5. h4 O-O 6. h5 Nxh5 7. Rxh5 gxh5 8. Qxh5 Be6 9. Bd3 f5 10. Nf3 Qe8 11. Qh2 Bf6 12. O-O-O c6 13. g4 Bg7 14. Rg1 Kh8 15. Ng5 Qg6 16. Nxe6 Qxe6 17. Bxf5 Rxf5 18. gxf5 Qxf5 19. Bxb8 c5 20. Be5 Bxe5 21. Qxe5+ Qxe5 22. dxe5 e6 23. Nb5 a6 24. Nc7 Rg8 25. Rxg8+ Kxg8 26. Nxe6 h5 27. Nf4 h4 28. Kd2 Kf7 29. Ke2 Ke7 30. Kf3 1-0


[Site "https://www.chess.com"]

[Event "Titled Tuesday Blitz February 14 Early 2023"]
[White "Cramling Bellon, Anna"]
[Black "Pourkashiyan, Atousa"]
[WhiteFideId "32009232"]
[BlackFideId "12502014"]
[WhiteElo "2043"]
[BlackElo "2282"]
[Result "1-0"]
[Round "03"]
[TimeControl "180+2"]
[Date "2023.02.15"]
[WhiteClock "0:00:04"]
[BlackClock "0:00:01"]

1. d4 Nf6 2. c4 e6 3. Nc3 Bb4 4. Qc2 O-O 5. e4 d5 6. cxd5 exd5 7. e5 Ne4 8. Bd3 c5 9. Nf3 Bg4 10. O-O Bxf3 11. gxf3 Ng5 12. Bxg5 Qxg5+ 13. Kh1 Qf4 14. Bxh7+ Kh8 15. Qf5 Qh4 16. Bg6 Nc6 17. Bxf7 Nxd4 18. Qh5+ Qxh5 19. Bxh5 Rad8 20. Kg2 Bxc3 21. bxc3 Ne2 22. Bg4 Nxc3 23. e6 Rfe8 24. Rac1 d4 25. Rfe1 Re7 26. Re5 b6 27. Rh5+ Kg8 28. Bf5 Ne2 29. Bh7+ Kh8 30. Bd3+ Kg8 31. Bxe2 g6 32. Rg5 Kg7 33. Bc4 Kf6 34. h4 d3 35. Rd1 Rd4 36. Bxd3 Rxh4 37. Rxg6+ Ke5 38. Re1+ Kd4 39. Bf5 Rf4 40. Rg4 Rxg4+ 41. fxg4 c4 42. g5 c3 43. g6 b5 44. Rd1+ Ke5 45. Bh3 Kf6 46. f4 Kxg6 47. f5+ Kf6 48. Rc1 b4 49. Rb1 a5 50. Rc1 Rg7+ 51. Kf3 Rh7 52. Bg2 Kxf5 53. Re1 Kf6 54. Kf4 Ke7 55. Bd5 Rh5 56. Bb3 Rh2 57. Rg1 Rh7 58. Rc1 Rh2 59. Ke5 Re2+ 60. Kd4 a4 61. Bxa4 Kxe6 62. Kc4 Rb2 63. Kd3 Ke5 64. Bb3 Rd2+ 65. Ke3 Rh2 66. Kf3 Kd4 67. Kf4 Kd3 68. Rd1+ Ke2 69. Rc1 Rh8 70. Rc2+ Kd3 71. Rc1 Rh2 72. Ke5 Rb2 73. Kd5 1-0


[Site "https://www.chess.com"]

[Event "Titled Tuesday Blitz February 14 Early 2023"]
[White "ritanovikova"]
[Black "Kielinkei"]
[WhiteElo "2179"]
[BlackElo "2360"]
[Result "0-1"]
[Round "03"]
[TimeControl "180+2"]
[Date "2023.02.15"]
[WhiteClock "0:00:11"]
[BlackClock "0:00:17"]

1. e4 c5 2. Nc3 e6 3. d3 Nc6 4. Be3 d5 5. exd5 exd5 6. d4 cxd4 7. Bxd4 Nxd4 8. Qxd4 Nf6 9. O-O-O Be7 10. Nxd5 Nxd5 11. Qxd5 Qxd5 12. Rxd5 O-O 13. Nf3 Be6 14. Rb5 b6 15. Re5 Bf6 16. Re1 Bxa2 17. b3 a5 18. Bb5 Rac8 19. Re3 Rc5 20. Ba6 a4 21. bxa4 Bc4 22. Bxc4 Rxc4 23. Rb3 Rxa4 24. Rxb6 Ra1+ 25. Rb1 Rfa8 26. Kd2 Rd8+ 27. Ke2 Re8+ 28. Kd3 Rd8+ 29. Ke2 Ra2 30. Rhc1 Rc8 31. Ne1 g6 32. g3 Bc3 33. Kf1 Bxe1 34. Kxe1 Raxc2 35. Rxc2 Rxc2 36. Rb8+ Kg7 37. Rb6 Rc1+ 38. Ke2 Rh1 39. h4 Ra1 40. Kf3 Ra4 41. Kg2 h6 42. Rb5 Rc4 43. Ra5 Rc6 44. Rb5 Rc7 45. Ra5 Kf6 46. Ra6+ Kg7 47. Ra5 Rc4 48. Ra6 g5 49. hxg5 hxg5 50. Rb6 f5 51. Ra6 Kf7 52. Rb6 Ra4 53. Rc6 Kg7 54. Rb6 Rc4 55. Ra6 Rc3 56. Rb6 Ra3 57. Rc6 Ra5 58. Rb6 Kf7 59. Rc6 Re5 60. Rb6 Re6 61. Rb5 Kf6 62. Ra5 Rb6 63. Rc5 Kg6 64. Ra5 Re6 65. Rc5 Rf6 66. Ra5 Kh5 67. Ra8 Kg4 68. Ra4+ f4 69. f3+ Kh5 70. g4+ Kg6 71. Ra2 Rb6 72. Rc2 Ra6 73. Rd2 Kf6 74. Re2 Ra3 75. Kf2 Rb3 76. Kg2 Re3 77. Rxe3 fxe3 78. Kf1 Ke5 79. Ke1 Kd5 80. Kd1 Kc4 81. Kc2 Kd4 82. Kd1 Kd3 83. Ke1 e2 84. f4 gxf4 85. g5 Ke3 86. g6 f3 0-1


[Site "https://www.chess.com"]

[Event "Titled Tuesday Blitz February 14 Early 2023"]
[White "Floresvillar Gonzalez, Luis Migu"]
[Black "Alice, Mateus Felizardo Viageiro"]
[WhiteFideId "5100542"]
[BlackFideId "14800047"]
[WhiteElo "2043"]
[BlackElo "2202"]
[Result "1/2-1/2"]
[Round "03"]
[TimeControl "180+2"]
[Date "2023.02.15"]
[WhiteClock "0:00:16"]
[BlackClock "0:01:14"]

1. d4 Nf6 2. c3 e6 3. Nf3 b6 4. Bg5 Bb7 5. Nbd2 Be7 6. e3 O-O 7. Bd3 d5 8. Ne5 Nbd7 9. f4 c5 10. O-O a6 11. a4 c4 12. Bc2 b5 13. axb5 axb5 14. Qf3 Nxe5 15. fxe5 Ne4 16. Nxe4 Bxg5 17. Rxa8 Bxa8 18. Nxg5 Qxg5 19. Qh3 g6 20. Rf3 Bc6 21. Rg3 Qe7 22. Qh6 Be8 23. h4 f5 24. h5 Qg7 25. Qxg7+ Kxg7 26. Kf2 f4 27. exf4 Rxf4+ 28. Ke2 Rh4 29. hxg6 Bxg6 30. Bxg6 hxg6 31. Rf3 Rh2 32. Kf2 Rh8 33. Rf6 Rf8 34. Rxf8 Kxf8 35. Kf3 Kg7 36. Kg4 Kh6 37. Kh4 g5+ 38. Kg4 Kg6 39. g3 Kh6 40. Kh3 Kh5 41. g4+ Kg6 42. Kg3 Kf7 43. Kf3 Ke7 44. Ke2 Kd7 45. Kd2 Kc6 46. Kc2 Kb6 47. b4 1/2-1/2


[Site "https://www.chess.com"]

[Event "Titled Tuesday Blitz February 14 Early 2023"]
[White "Hertlein, Irena"]
[Black "Kalajzic, Ivan"]
[WhiteFideId "21817618"]
[BlackFideId "14506378"]
[WhiteElo "1994"]
[BlackElo "2062"]
[Result "0-1"]
[Round "03"]
[TimeControl "180+2"]
[Date "2023.02.15"]
[WhiteClock "0:00:07"]
[BlackClock "0:00:06"]

1. Nf3 Nc6 2. d4 d6 3. e4 Bg4 4. c3 Nf6 5. Bd3 e5 6. d5 Ne7 7. h3 Bd7 8. g4 g6 9. Be3 Bg7 10. Qd2 O-O 11. c4 Ne8 12. Nc3 f5 13. gxf5 gxf5 14. Bh6 f4 15. Bxg7 Nxg7 16. O-O-O Ng6 17. Rdg1 Kh8 18. h4 Qf6 19. h5 Ne7 20. Ne2 c5 21. dxc6 Nxc6 22. Bc2 Be6 23. b3 Rad8 24. Nc3 a6 25. Ng5 Nd4 26. Nd5 Bxd5 27. exd5 Ngf5 28. Ne4 Qh6 29. Kb1 b6 30. Qd1 Nxc2 31. Kxc2 Nd4+ 32. Kb2 b5 33. Rg6 hxg6 34. hxg6 Kg7 35. Rxh6 Kxh6 36. Qg4 Kg7 37. Qh5 Rh8 38. Qg5 Rdf8 39. Qe7+ Kxg6 40. Qxd6+ Kf5 41. Qd7+ Kxe4 42. d6 Rh2 43. Qb7+ Kd3 44. d7 b4 45. Qxb4 Rxf2+ 46. Kc1 Ne2+ 47. Kd1 Nc3+ 48. Kc1 Rc2# 0-1


[Site "https://www.chess.com"]

[Event "Titled Tuesday Blitz February 14 Early 2023"]
[White "I_KID_you_not"]
[Black "Thiel, Thomas"]
[BlackFideId "4615964"]
[WhiteElo "2323"]
[BlackElo "2234"]
[Result "0-1"]
[Round "03"]
[TimeControl "180+2"]
[Date "2023.02.15"]
[WhiteClock "0:00:11"]
[BlackClock "0:01:16"]

1. e4 d5 2. exd5 Nf6 3. Bb5+ Nbd7 4. c4 a6 5. Bxd7+ Qxd7 6. d3 e6 7. dxe6 Qxe6+ 8. Qe2 b5 9. Nc3 Bb4 10. Bd2 O-O 11. Qxe6 Bxe6 12. cxb5 axb5 13. Nxb5 Rfe8 14. Bxb4 Bc4+ 15. Ne2 Bxb5 16. Kd2 Rad8 17. Nf4 g5 18. Bc3 Ne4+ 19. Kc2 Nxc3 20. bxc3 gxf4 21. c4 Bc6 22. Rhe1 Bxg2 23. Kc3 Kf8 24. a4 Ba8 25. d4 f3 26. d5 Re2 27. Rxe2 fxe2 28. Re1 c6 29. dxc6 Bxc6 30. Rxe2 Bxa4 31. Re5 Bd7 32. c5 Be6 33. f4 Rd5 34. Rxd5 Bxd5 35. Kd4 Bc6 36. Ke5 Ke7 37. Kf5 h6 38. h3 Bd7+ 39. Ke5 Bxh3 40. c6 Bc8 41. c7 h5 42. f5 f6+ 43. Kf4 Kd6 0-1


[Site "https://www.chess.com"]

[Event "Titled Tuesday Blitz February 14 Early 2023"]
[White "Meera, Sai"]
[Black "Real_taiatai"]
[WhiteFideId "5004357"]
[WhiteElo "2064"]
[BlackElo "2349"]
[Result "0-1"]
[Round "03"]
[TimeControl "180+2"]
[Date "2023.02.15"]
[WhiteClock "0:00:52"]
[BlackClock "0:01:36"]

1. d4 Nf6 2. Nc3 d5 3. Bf4 c6 4. e3 Bf5 5. f3 e6 6. g4 Bg6 7. h4 h6 8. Qd2 Nbd7 9. O-O-O b5 10. Bd3 Bxd3 11. Qxd3 Nb6 12. Nh3 a5 13. e4 b4 14. Ne2 a4 15. Kb1 Nc4 16. e5 Nd7 17. g5 a3 18. b3 Nb2 19. Qd2 Nxd1 20. Rxd1 hxg5 21. Bxg5 Be7 22. Rg1 Bxg5 23. Rxg5 Rxh4 24. Nef4 Qxg5 25. Nxg5 Rh1+ 26. Qc1 Rxc1+ 27. Kxc1 Ke7 28. Nd3 Rb8 29. Kd2 f6 30. exf6+ gxf6 31. Nh3 Kd6 32. f4 c5 33. Ng1 cxd4 34. Nf3 e5 35. Nh4 Ke6 36. f5+ Kd6 37. Ng6 Nc5 38. Nf2 Ne4+ 39. Nxe4+ dxe4 0-1


[Site "https://www.chess.com"]

[Event "Titled Tuesday Blitz February 14 Early 2023"]
[White "Kulkarni, Vikramaditya"]
[Black "Sabar, Ethmane Daouda"]
[WhiteFideId "5009847"]
[BlackFideId "19600097"]
[WhiteElo "2251"]
[BlackElo "2040"]
[Result "1-0"]
[Round "03"]
[TimeControl "180+2"]
[Date "2023.02.15"]
[WhiteClock "0:00:35"]
[BlackClock "0:00:13"]

1. d4 d5 2. c4 e5 3. dxe5 d4 4. Nf3 Nc6 5. a3 Bg4 6. Nbd2 Qe7 7. h3 Bh5 8. g4 Bg6 9. Bg2 O-O-O 10. O-O Nxe5 11. Nxe5 Qxe5 12. f4 Qe3+ 13. Kh2 h5 14. Ne4 Bxe4 15. Bxe3 dxe3 16. Bxe4 Rxd1 17. Raxd1 c6 18. g5 Kc7 19. Bf5 g6 20. Rd7+ Kb6 21. Rxf7 Ne7 22. Be4 a5 23. b4 axb4 24. axb4 c5 25. Rb1 cxb4 26. Rxb4+ Kc5 27. Rxb7 Kxc4 28. Rb8 Nf5 29. Bxf5 gxf5 30. Rbxf8 Rxf8 31. Rxf8 Kd4 32. g6 Ke4 33. g7 Kxf4 34. g8=Q h4 35. Qg6 Ke4 36. Qxf5+ Kd4 37. Qd3+ 1-0


[Site "https://www.chess.com"]

[Event "Titled Tuesday Blitz February 14 Early 2023"]
[White "Ruge, Edison"]
[Black "Liu, Casper"]
[WhiteFideId "4401000"]
[BlackFideId "1454153"]
[WhiteElo "2201"]
[BlackElo "2278"]
[Result "1/2-1/2"]
[Round "03"]
[TimeControl "180+2"]
[Date "2023.02.15"]
[WhiteClock "0:00:03"]
[BlackClock "0:01:32"]

1. e4 c5 2. Nc3 d6 3. f4 a6 4. Nf3 e6 5. d3 Ne7 6. g3 b5 7. Bg2 Bb7 8. O-O Nbc6 9. Be3 g6 10. Bf2 Bg7 11. g4 b4 12. Ne2 Bxb2 13. d4 Bxa1 14. Qxa1 O-O 15. dxc5 dxc5 16. Bxc5 Qa5 17. Be3 Rfd8 18. Ng3 Qb5 19. Qf6 Kf8 20. Ng5 Ke8 21. Qxf7+ Kd7 22. Qxe6+ Kc7 23. e5 Nd5 24. Qf7+ Rd7 25. Ne6+ Kc8 26. Qg8+ Nd8 27. Bd4 Ne7 28. Bxb7+ Qxb7 29. Nxd8 Rxd8 30. Qc4+ Qc7 31. Qxc7+ Kxc7 32. Be3 Nd5 33. Bc5 Kc6 34. Ne4 Nc3 35. Nxc3 Kxc5 36. Ne4+ Kd4 37. Ng5 Rdc8 38. Nxh7 Rxc2 39. Ng5 Rh8 40. e6 Rxa2 41. e7 Re2 42. Nf3+ Kd5 43. Ne5 Rhxh2 44. Rd1+ Kc5 45. e8=Q Reg2+ 46. Kf1 Rf2+ 47. Ke1 Re2+ 48. Kf1 Rhf2+ 49. Kg1 Rg2+ 50. Kf1 Rgf2+ 51. Kg1 Rg2+ 52. Kf1 Ref2+ 53. Ke1 Re2+ 54. Kf1 1/2-1/2


[Site "https://www.chess.com"]

[Event "Titled Tuesday Blitz February 14 Early 2023"]
[White "Fernandez Siles, Luis"]
[Black "Broca Jimenez, Fernando"]
[WhiteFideId "2209420"]
[BlackFideId "5104742"]
[WhiteElo "2218"]
[BlackElo "2075"]
[Result "0-1"]
[Round "03"]
[TimeControl "180+2"]
[Date "2023.02.15"]
[WhiteClock "0:00:02"]
[BlackClock "0:00:06"]

1. d4 e6 2. c4 Nf6 3. Nc3 Bb4 4. e3 O-O 5. Nf3 c5 6. Bd3 d5 7. O-O Nc6 8. a3 cxd4 9. exd4 Be7 10. Re1 dxc4 11. Bxc4 b6 12. Qd3 Bb7 13. Ba2 Rc8 14. Bg5 Nd5 15. Bb1 g6 16. Bh6 Re8 17. Ne4 Nf6 18. Nc3 Ng4 19. Bf4 Bf8 20. h3 Nf6 21. Ba2 Ne7 22. Bg5 Bg7 23. Ne5 h6 24. Nxf7 Kxf7 25. Bxe6+ Kf8 26. Bxf6 Bxf6 27. Rad1 Rc6 28. d5 Rd6 29. Ne4 Kg7 30. Qf3 Rf8 31. Nxd6 Qxd6 32. Qb3 Rd8 33. Qb4 Qxb4 34. axb4 Nxd5 35. Bxd5 Rxd5 36. Rxd5 Bxd5 37. Ra1 Bxb2 38. Rxa7+ Kf6 39. Rh7 h5 40. g4 hxg4 41. hxg4 Bf3 42. Kh2 Bxg4 43. Rb7 Bd4 44. Kg3 Bf5 45. Rc7 Kg5 46. f4+ Kf6 47. Rc6+ Ke7 48. Kh4 Be3 49. Kg5 Kd7 50. Rc3 Bf2 51. Rf3 Bd4 52. Rf1 Kd6 53. Rd1 Kd5 54. Rc1 Bd3 55. Rd1 Kc4 56. Kh6 Bc3 57. Kg5 Bc2 58. Rc1 Kb3 59. b5 Bb2 60. Rh1 Kc4 61. Rh3 Kxb5 62. f5 gxf5 63. Kf4 Kc4 64. Ke3 Bc3 65. Rh4+ Kb3 66. Rf4 b5 67. Rxf5 b4 68. Rc5 Bb2 69. Kd2 Bb1 70. Rh5 Bc3+ 71. Kc1 Bd3 72. Rh3 Bc4 73. Kb1 Be2 74. Re3 Bd1 75. Rh3 Bc2+ 76. Kc1 Be4 77. Rh2 Bd3 78. Rh3 Bc4 0-1


[Site "https://www.chess.com"]

[Event "Titled Tuesday Blitz February 14 Early 2023"]
[White "Kowalysko, Roman"]
[Black "Buscar, Michael"]
[WhiteFideId "30918510"]
[BlackFideId "2603616"]
[WhiteElo "1888"]
[BlackElo "2041"]
[Result "0-1"]
[Round "03"]
[TimeControl "180+2"]
[Date "2023.02.15"]
[WhiteClock "0:00:35"]
[BlackClock "0:00:24"]

1. Nc3 Nf6 2. e4 Nc6 3. Nf3 e5 4. Bb5 Bc5 5. O-O d6 6. d4 exd4 7. Nxd4 Bd7 8. Nf5 O-O 9. Bg5 Ne5 10. Nd5 Bxb5 11. Nxf6+ gxf6 12. Bh6 Bd7 13. Qh5 Bxf5 14. exf5 Re8 15. b4 Bxb4 16. f4 Ng6 17. fxg6 hxg6 18. Qg4 Bc5+ 19. Kh1 f5 20. Qg3 Bd4 21. Bg5 Bf6 22. Rab1 Bxg5 23. fxg5 b6 24. h4 Re4 25. Rf4 Qe7 26. Rbf1 Kg7 27. Qc3+ Qe5 28. Qf3 Rxf4 29. Qxf4 Qxf4 30. Rxf4 Re8 31. a4 Re4 32. g3 Rxf4 33. gxf4 f6 34. Kg2 fxg5 35. hxg5 Kf7 36. Kf3 Ke6 37. Ke3 c5 38. c4 d5 39. Kd3 a6 40. Kc3 Kd6 41. Kd3 Kc6 42. Kc3 d4+ 43. Kd3 b5 44. axb5+ axb5 45. cxb5+ Kxb5 46. Kd2 c4 47. Kc2 Kc5 48. Kd2 Kd5 49. Ke2 Ke4 50. Kf2 Kxf4 51. Kg2 Kxg5 52. Kg3 f4+ 53. Kf3 Kf5 54. Kf2 g5 55. Kf3 g4+ 0-1


[Site "https://www.chess.com"]

[Event "Titled Tuesday Blitz February 14 Early 2023"]
[White "Aung Thant Zin"]
[Black "Kostiukov, Alexandr"]
[WhiteFideId "13000063"]
[BlackFideId "14108100"]
[WhiteElo "2268"]
[BlackElo "2271"]
[Result "0-1"]
[Round "03"]
[TimeControl "180+2"]
[Date "2023.02.15"]
[WhiteClock "0:00:46"]
[BlackClock "0:01:12"]

1. e4 c5 2. Nf3 g6 3. Nc3 Bg7 4. d4 cxd4 5. Nxd4 Nc6 6. Be3 Nf6 7. Nb3 O-O 8. Be2 a5 9. a4 d6 10. O-O Be6 11. f4 Qc8 12. Kh1 Nb4 13. Nd4 Bc4 14. e5 dxe5 15. fxe5 Nfd5 16. Nxd5 Nxd5 17. Bg5 Bxe5 18. Bh6 Rd8 19. c3 Nf6 20. Be3 Bxe2 21. Qxe2 Ng4 22. Bg1 Bf6 23. Rae1 Ne5 24. Qb5 Qc4 25. Qxb7 Rab8 26. Qf3 Nxf3 0-1


[Site "https://www.chess.com"]

[Event "Titled Tuesday Blitz February 14 Early 2023"]
[White "Manon-og, Ramon Jr."]
[Black "Larina, Maria"]
[WhiteFideId "5200776"]
[BlackFideId "24113182"]
[WhiteElo "1999"]
[BlackElo "1948"]
[Result "1-0"]
[Round "03"]
[TimeControl "180+2"]
[Date "2023.02.15"]
[WhiteClock "0:00:50"]
[BlackClock "0:00:04"]

1. e4 c6 2. d4 d5 3. e5 c5 4. dxc5 Nc6 5. f4 e6 6. a3 Bxc5 7. Nf3 Qb6 8. Qd2 a5 9. Nc3 Be7 10. Bd3 g6 11. Nb5 Qd8 12. O-O Nh6 13. Kh1 O-O 14. Qf2 Bd7 15. Qg3 Kh8 16. Qh3 Nf5 17. g4 Ng7 18. Bd2 f5 19. exf6 Bxf6 20. Bc3 Qe7 21. Bxg6 Ne8 22. Ng5 Bxc3 23. Nxh7 Kg7 24. Nxf8 Qxf8 25. Qh7+ Kf6 26. g5# 1-0


[Site "https://www.chess.com"]

[Event "Titled Tuesday Blitz February 14 Early 2023"]
[White "Kiseleva, Arina"]
[Black "Ruiz Aguilar, Pablo Alexander"]
[WhiteFideId "4164989"]
[BlackFideId "4401352"]
[WhiteElo "1962"]
[BlackElo "2161"]
[Result "1-0"]
[Round "03"]
[TimeControl "180+2"]
[Date "2023.02.15"]
[WhiteClock "0:00:06"]
[BlackClock "0:00:01"]

1. d4 d5 2. Nf3 Nf6 3. e3 c6 4. Bd3 Bg4 5. Nbd2 e6 6. h3 Bh5 7. O-O Bg6 8. Ne5 Bxd3 9. cxd3 Nbd7 10. f4 Be7 11. Ndf3 Nxe5 12. fxe5 Nd7 13. e4 dxe4 14. dxe4 Qb6 15. Be3 O-O-O 16. Qe2 Kb8 17. Rfc1 h5 18. a4 a5 19. Qf2 Qa6 20. Nd2 f6 21. exf6 gxf6 22. Nc4 Rdg8 23. b3 h4 24. Qf4+ Kc8 25. d5 e5 26. Qf5 Kd8 27. dxc6 Qxc6 28. Nxe5 Nxe5 29. Rxc6 bxc6 30. Bb6+ Ke8 31. Bxa5 Rg5 32. Qf1 Rhg8 33. Ra2 Bc5+ 34. Kh1 Kf7 35. b4 Be3 36. Re2 Bd4 37. b5 cxb5 38. axb5 Nd3 39. Rd2 Nf2+ 40. Rxf2 Bxf2 41. Qxf2 Rxb5 42. Qa2+ Kg7 43. Bc3 1-0


[Site "https://www.chess.com"]

[Event "Titled Tuesday Blitz February 14 Early 2023"]
[White "Bongo Akanga Ndjila, Barthelemy"]
[Black "Skaric, Djuro"]
[WhiteFideId "10609431"]
[BlackFideId "934569"]
[WhiteElo "1824"]
[BlackElo "2334"]
[Result "1-0"]
[Round "03"]
[TimeControl "180+2"]
[Date "2023.02.15"]
[WhiteClock "0:00:14"]
[BlackClock "0:00:47"]

1. d4 d6 2. c4 g6 3. Nc3 Bg7 4. e4 Nf6 5. Be2 O-O 6. h4 h5 7. Nh3 Nc6 8. d5 Ne5 9. Ng5 c6 10. Be3 b5 11. cxb5 cxd5 12. exd5 Bb7 13. O-O Nfg4 14. Bd4 Nf6 15. Be3 Qa5 16. Rc1 Qb4 17. Qd2 Qxh4 18. Nf3 Qb4 19. Nxe5 dxe5 20. a3 Qd6 21. b4 Nxd5 22. Bc5 Qd7 23. Rfd1 Rfd8 24. Bf3 e6 25. Ne4 f5 26. Nd6 e4 27. Nxb7 Qxb7 28. Be2 Qf7 29. Bc4 Kh7 30. Bxd5 Rxd5 31. Qf4 Bh6 32. Qg3 Bxc1 33. Rxc1 Rc8 34. Qb3 e5 35. a4 Qd7 36. Kh2 f4 37. g3 Rd3 38. Qa2 fxg3+ 39. Kg2 gxf2 40. Rc2 Qg4+ 41. Kxf2 Rf3+ 42. Ke1 Qg3+ 43. Bf2 Rxc2 44. Qxc2 Qf4 45. Qc7+ Qf7 46. Qxf7+ Rxf7 47. a5 Rb7 48. b6 axb6 49. Bxb6 g5 50. b5 Kg6 51. a6 Rb8 52. a7 Ra8 53. Bc5 Kf5 54. b6 e3 55. b7 1-0


[Site "https://www.chess.com"]

[Event "Titled Tuesday Blitz February 14 Early 2023"]
[White "Levine, David"]
[Black "Nikologorsky, Matfei"]
[WhiteFideId "2011611"]
[BlackFideId "24102474"]
[WhiteElo "2040"]
[BlackElo "2182"]
[Result "0-1"]
[Round "03"]
[TimeControl "180+2"]
[Date "2023.02.15"]
[WhiteClock "0:00:01"]
[BlackClock "0:00:33"]

1. d4 Nf6 2. c4 e6 3. g3 d5 4. Bg2 dxc4 5. Nf3 c5 6. O-O Nc6 7. Qa4 cxd4 8. Qxc4 Qd5 9. Nbd2 Qxc4 10. Nxc4 Be7 11. Rd1 O-O 12. Bf4 Nd5 13. Nxd4 Nxf4 14. gxf4 Nxd4 15. Rxd4 Bf6 16. Rd2 Rb8 17. Na5 a6 18. e3 b5 19. Rc1 Rb6 20. Rc7 e5 21. fxe5 Bxe5 22. Re7 Bf6 23. Rc7 Be6 24. b3 h5 25. Bf3 h4 26. Kg2 Rc8 27. Rxc8+ Bxc8 28. h3 Bf5 29. Nb7 Bc3 30. Rd8+ Kh7 31. Nd6 Bb1 32. Nxf7 Bxa2 33. Be4+ g6 34. Ng5+ Kg7 35. f4 Bxb3 36. Rd7+ Kg8 37. Nf7 Bg7 38. Ng5 a5 39. Kf3 a4 40. Kg4 a3 41. Kxh4 a2 42. Re7 a1=Q 0-1


[Site "https://www.chess.com"]

[Event "Titled Tuesday Blitz February 14 Early 2023"]
[White "Osuna Vega, Enrique"]
[Black "Weisz, Bryan"]
[WhiteFideId "2219549"]
[BlackFideId "30934133"]
[WhiteElo "2061"]
[BlackElo "1973"]
[Result "0-1"]
[Round "03"]
[TimeControl "180+2"]
[Date "2023.02.15"]
[WhiteClock "0:00:55"]
[BlackClock "0:00:33"]

1. e4 e5 2. Nf3 Nc6 3. Bb5 Nf6 4. d3 h6 5. Bxc6 dxc6 6. Nxe5 Bc5 7. Nf3 g5 8. d4 Bb6 9. e5 Nd5 10. c4 Ne7 11. c5 Ba5+ 12. Kf1 b6 13. Qa4 Ba6+ 14. Kg1 Bb5 15. Qa3 g4 16. b4 gxf3 17. bxa5 Qxd4 18. h3 Rg8 19. g3 Rxg3+ 0-1


[Site "https://www.chess.com"]

[Event "Titled Tuesday Blitz February 14 Early 2023"]
[White "Levitan, Caleb Levi"]
[Black "Ricaurte Lopez, Juan Carlos"]
[WhiteFideId "14332620"]
[BlackFideId "3600327"]
[WhiteElo "2129"]
[BlackElo "2226"]
[Result "0-1"]
[Round "03"]
[TimeControl "180+2"]
[Date "2023.02.15"]
[WhiteClock "0:00:02"]
[BlackClock "0:00:41"]

1. e4 e5 2. Nf3 Nc6 3. Bb5 a6 4. Ba4 Nf6 5. Qe2 b5 6. Bb3 Bc5 7. d3 d6 8. c3 Be6 9. Nbd2 h6 10. Nf1 O-O 11. Ng3 Bxb3 12. axb3 d5 13. O-O dxe4 14. dxe4 Qd7 15. Rd1 Qe6 16. Be3 Bxe3 17. Qxe3 Qxb3 18. Qc5 Qe6 19. h3 Rfe8 20. Nh4 g6 21. Nf3 Kg7 22. Rd2 Nd7 23. Qe3 Nb6 24. Rad1 Nc4 25. Qc5 Nxd2 26. Rxd2 Red8 27. h4 Rxd2 28. Nxd2 Rd8 29. Qe3 Na5 30. h5 Nc4 31. Nxc4 bxc4 32. hxg6 fxg6 33. Qc5 Rd7 34. Qb4 Qc6 35. Qa5 Qb5 36. Qa3 a5 37. Kh2 a4 38. f3 c5 39. Qa1 Rd2 40. Nf1 Rxb2 41. Ne3 Qb3 42. Qc1 a3 43. Qf1 a2 44. Nxc4 Rb1 0-1


[Site "https://www.chess.com"]

[Event "Titled Tuesday Blitz February 14 Early 2023"]
[White "Dong, Khanh Linh"]
[Black "Necula, Iulian"]
[WhiteFideId "12403040"]
[BlackFideId "1232380"]
[WhiteElo "1900"]
[BlackElo "1851"]
[Result "1-0"]
[Round "03"]
[TimeControl "180+2"]
[Date "2023.02.15"]
[WhiteClock "0:00:52"]
[BlackClock "0:00:01"]

1. e4 c5 2. Nf3 d6 3. d4 cxd4 4. Nxd4 Nf6 5. Nc3 g6 6. Be3 Nc6 7. f3 h5 8. Qd2 Nxd4 9. Bxd4 Bh6 10. Be3 Bxe3 11. Qxe3 Be6 12. Bb5+ Kf8 13. O-O-O Qa5 14. Kb1 Rc8 15. e5 Rxc3 16. Qxc3 Qxc3 17. bxc3 Nd5 18. Kb2 dxe5 19. Rhe1 Nc7 20. Bd7 f6 21. f4 Kf7 22. fxe5 Bxd7 23. Rxd7 Rc8 24. exf6 Kxf6 25. Rexe7 Nb5 26. Rxb7 Nxc3 27. Rf7+ Kg5 28. Rxa7 Ne2 29. Ra5+ Kh6 30. h4 Nd4 31. Raa7 Rxc2+ 32. Kb1 g5 33. Rf6# 1-0


[Site "https://www.chess.com"]

[Event "Titled Tuesday Blitz February 14 Early 2023"]
[White "Jesusesmifuerza"]
[Black "Jimenez, Joaquin"]
[BlackFideId "109860"]
[WhiteElo "2006"]
[BlackElo "2195"]
[Result "1/2-1/2"]
[Round "03"]
[TimeControl "180+2"]
[Date "2023.02.15"]
[WhiteClock "0:00:24"]
[BlackClock "0:01:00"]

1. d4 Nf6 2. Nc3 d5 3. Bf4 g6 4. e3 Bg7 5. Nb5 Na6 6. h3 O-O 7. Nf3 Ne4 8. c3 c5 9. Be2 cxd4 10. exd4 Bd7 11. O-O Qb6 12. a4 Bxb5 13. Bxb5 Rac8 14. Ne5 Bxe5 15. Bxe5 Nc7 16. Qe2 Nxb5 17. Qxb5 Qxb5 18. axb5 Ra8 19. Ra2 a5 20. bxa6 Rxa6 21. Rxa6 bxa6 22. Ra1 Ra8 23. f3 Nd2 24. Kf2 f6 25. Bf4 Nc4 26. b3 Nb6 27. Ke3 e6 28. Kd3 Kf7 29. Bd6 Nd7 30. b4 e5 31. Ra5 Ke6 32. Bc5 h5 33. b5 Nb8 34. b6 Nc6 35. b7 Rb8 36. Rxa6 Kd7 37. Ra8 Rxb7 38. Rg8 g5 39. Rg7+ Kc8 40. Rg8+ Kd7 41. Rg7+ Kc8 42. Rg8+ Kd7 1/2-1/2


[Site "https://www.chess.com"]

[Event "Titled Tuesday Blitz February 14 Early 2023"]
[White "Molina, Roberto Junio Brito"]
[Black "Nakamura, Hikaru"]
[WhiteFideId "2109450"]
[BlackFideId "2016192"]
[WhiteElo "2403"]
[BlackElo "2775"]
[Result "0-1"]
[Round "04"]
[TimeControl "180+2"]
[Date "2023.02.15"]
[WhiteClock "0:00:38"]
[BlackClock "0:01:22"]

1. d4 d6 2. e4 f5 3. exf5 Bxf5 4. Bd3 Qd7 5. Nf3 Nf6 6. O-O Nc6 7. Re1 Bg4 8. c3 O-O-O 9. h3 Bh5 10. Be2 h6 11. Bf4 g5 12. Bh2 g4 13. hxg4 Bxg4 14. Nbd2 Rg8 15. Nf1 e6 16. Ne3 h5 17. Nd2 Bxe2 18. Qxe2 Bh6 19. Rad1 Rg6 20. Nef1 Rdg8 21. g3 Ng4 22. Nf3 Rf6 23. N1d2 Rgf8 24. Rf1 Bxd2 25. Nxd2 Rxf2 26. Rxf2 Rxf2 27. Qxf2 Nxf2 28. Kxf2 e5 29. Nf3 e4 30. Nh4 Qg4 31. Re1 Ne7 32. Ng2 Nf5 33. Rf1 d5 34. Nf4 h4 35. Ne2 e3+ 36. Ke1 hxg3 37. Bg1 Qe4 0-1


[Site "https://www.chess.com"]